cohdb
Replays
Latest Replays
All Replays
Popular Replays
Top Player Replays
Match Explorer
How It Works
Community
CoH3 Stats
Reddit
Sign in to upload your games and track your stats! →
Sign in with Steam
Match 41451216
Unlisted
Match 41451216
Overview
Messages
Build Orders
End
Construct Section Command Post
Vickers Machine Gun Team
ML 3-inch Mortar Team
Infantry Section
Infantry Section
Grenade Package
Selects Heavy Armor Battlegroup
Construct Platoon Command Post
Forward Retreat Point
CMP 15cwt Truck
Unlock M3 Stuart Light Tanks
Selects Rigorous Vehicle Training
Selects Forward Repair Assembly
Selects Light Vehicle Withdraw and Refit
M3 Stuart Light Tank
Infantry Section
Royal Engineer Section
Infantry Section
Forward Retreat Point
Construct Company Command Post
Selects UNKNOWN (202330)
iAbstractBrain
FreeWilly
mordfustang
MarsAlien
Henk
water
Ganya
Lapis Rose
0
0
Comments
sign in to comment!
No comments posted yet!